 Dungeon Crawl Stone Soup version 0.28-a0-983-g1de4e0787c (webtiles) character file.

Game seed: 17526905732182088442

287718 ytrimaz the Executioner (level 21, -1/186 HPs)
             Began as a Formicid Fighter on Dec 2, 2021.
             Was the Champion of Okawaru.
             Slain by a deep elf blademaster (8 damage)
             ... on level 3 of the Elven Halls.
             The game lasted 01:09:34 (34116 turns).

ytrimaz the Executioner (Formicid Fighter)         Turns: 34116, Time: 01:09:36

Health: -1/186     AC: 43    Str: 32    XL:     21   Next: 55%
Magic:  30/30      EV: 10    Int: 10    God:    Okawaru [******]
Gold:   2376       SH: 26    Dex: 10    Spells: 20/20 levels left

rFire   + + .      SeeInvis +   u - +12 executioner's axe "Jellyslayer" {pain, Contam rF+ Dex+6}
rCold   + . .      Faith    .   V - +6 tower shield {reflect}
rNeg    . . .      Spirit   .   p - +10 plate armour of Decompression {Will+}
rPois   +          Reflect  +   (helmet unavailable)
rElec   +          Harm     .   G - +2 cloak {Will+}
rCorr   +          Rampage  .   L - +2 pair of gloves {hurl}
Will    ++++.                   S - +0 pair of boots of the Lich-sworn {rElec rPois Dex-2}
Stlth   ..........              F - amulet of regeneration
HPRegen 1.21/turn               D - +4 ring of protection
MPRegen 0.22/turn               c - ring "Joafolet" {Wiz rPois rCorr Dex-4 Slay+2}

@: resistant, heroic
A: permanent stasis, dig shafts and tunnels, antennae 3, four strong arms,
iridescent scales 1, clever 1, passive freeze
}: 2/15 runes: decaying, gossamer
a: Dig, Shaft Self, Renounce Religion, Heroism, Finesse, Duel


You were on level 3 of the Elven Halls.
You worshipped Okawaru.
Okawaru was exalted by your worship.
You visited 7 branches of the dungeon, and saw 35 of its levels.
You also visited: Volcano and Desolation.

You collected 3929 gold pieces.
You spent 1553 gold pieces at shops.

Inventory:

Hand Weapons
 u - the +12 executioner's axe "Jellyslayer" (weapon) {pain, Contam rF+ Dex+6}
   (Okawaru gifted it to you on level 11 of the Dungeon)

   In the hands of one skilled in necromantic magic, it inflicts extra damage on
   living creatures.
   Dex:       It affects your dexterity (+6).
   rF:        It protects you from fire.
   Contam:    It causes magical contamination when unequipped.
Missiles
 i - 18 javelins
 w - 15 boomerangs (quivered)
 B - 4 throwing nets
Armour
 p - the +10 plate armour of Decompression (worn) {Will+}
   (You bought it in a shop on level 2 of the Orcish Mines)

   Will:      It increases your willpower.
 t - the +6 fire dragon scales of Malink {*Slow Fly rF++ rC- Will++ Dex+4}
   (You found it in the Desolation of Salt)

   Dex:       It affects your dexterity (+4).
   rF:        It greatly protects you from fire.
   rC:        It makes you vulnerable to cold.
   Fly:       It grants you flight.
   *Slow:     It may slow you when you take damage.
   Will:      It greatly increases your willpower.
 z - a +0 kite shield
 G - a +2 cloak of willpower (worn)
 L - a +2 pair of gloves of hurling (worn)
 M - a +4 plate armour of fire resistance
 S - the +0 pair of boots of the Lich-sworn (worn) {rElec rPois Dex-2}
   (Okawaru gifted it to you on level 3 of the Lair of Beasts)

   Dex:       It affects your dexterity (-2).
   rElec:     It insulates you from electricity.
   rPois:     It protects you from poison.
 V - a +6 tower shield of reflection (worn)
Jewellery
 a - a ring of protection from cold
 c - the ring "Joafolet" (right hand) {Wiz rPois rCorr Dex-4 Slay+2}
   (You found it in the Desolation of Salt)

   [ring of wizardry]

   It improves your spell success rate.
   Dex:       It affects your dexterity (-4).
   Slay:      It affects your accuracy & damage with ranged weapons and melee
   (+2).
   rPois:     It protects you from poison.
   rCorr:     It protects you from acid and corrosion.
 e - the ring "Jeroci" {rCorr MP+9 Dex+5}
   (You acquired it on level 4 of the Lair of Beasts)

   [ring of magical power]

   Dex:       It affects your dexterity (+5).
   MP:        It affects your magic capacity (+9).
   rCorr:     It protects you from acid and corrosion.
 j - a ring of willpower
 v - the ring of Qoepis {rPois Dex+6}
   (You found it in the Desolation of Salt)

   [ring of dexterity]

   Dex:       It affects your dexterity (+6).
   rPois:     It protects you from poison.
 D - a +4 ring of protection (left hand)
 F - an amulet of regeneration (around neck)
 J - the ring of Suspected Treachery {+Blink Fly rF- rN+ Str+3}
   (You found it in the Desolation of Salt)

   [ring of flight]

   Str:       It affects your strength (+3).
   rF:        It makes you vulnerable to fire.
   rN:        It protects you from negative energy.
   Fly:       It grants you flight.
   +Blink:    It lets you blink.
 U - a ring of ice
 W - a +4 ring of evasion
Wands
 b - a wand of paralysis (14)
 n - a wand of flame (38)
 s - a wand of acid (14)
 C - a wand of iceblast (46)
 H - a wand of mindburst (14)
 P - a wand of polymorph (20)
 R - a wand of digging (8)
Scrolls
 f - 2 scrolls of fog
 g - 8 scrolls of vulnerability
 l - 2 scrolls of brand weapon
 r - a scroll of magic mapping
 y - 5 scrolls of enchant weapon
 A - 4 scrolls of holy word
 N - 20 scrolls of identify
 T - a scroll of fear
 X - a scroll of acquirement
 Y - a scroll of amnesia
 Z - 3 scrolls of silence
Potions
 d - 7 potions of might
 h - a potion of invisibility
 k - 12 potions of curing
 m - a potion of cancellation
 o - 3 potions of attraction
 q - 3 potions of lignification
 x - 4 potions of brilliance
 E - 4 potions of mutation
 I - 3 potions of resistance
 K - 5 potions of flight
 O - 5 potions of heal wounds
 Q - 8 potions of ambrosia


   Skills:
 * Level 21.1(26.1) Fighting
 - Level 24.0(27) Axes
 + Level 12.5(17.5) Armour
 - Level 15.0(20.0) Shields
 * Level 12.6 Necromancy
 - Level 13.0 Invocations


You had 20 spell levels left.
You didn't know any spells.
Your spell library contained the following spells:

 Spells                   Type           Power      Damage    Failure   Level
 Excruciating Wounds      Necr           12%        N/A       10%         5
 Beastly Appendage        Tmut           0%         N/A       52%         1
 Freeze                   Ice            0%         1d3       52%         1
 Shock                    Conj/Air       0%         1d3       52%         1
 Slow                     Hex            0%         N/A       52%         1
 Sting                    Tmut/Pois      0%         1d3       52%         1
 Poisonous Vapours        Pois/Air       0%         N/A       65%         2
 Searing Ray              Conj           0%         2d4       65%         2
 Confusing Touch          Hex            0%         N/A       86%         3
 Conjure Flame            Conj/Fire      0%         6-21      86%         3
 Dazzling Flash           Conj/Hex       0%         N/A       86%         3
 Frozen Ramparts          Ice            0%         1d2       86%         3
 Ignite Poison            Fire/Tmut/Pois 0%         N/A       86%         3
 Inner Flame              Hex/Fire       0%         N/A       86%         3
 Lesser Beckoning         Tloc           0%         N/A       86%         3
 Mephitic Cloud           Conj/Pois/Air  0%         N/A       86%         3
 Ozocubu's Armour         Ice            0%         N/A       86%         3
 Portal Projectile        Hex/Tloc       0%         N/A       86%         3
 Airstrike                Air            0%         N/A       99%         4
 Cause Fear               Hex            0%         N/A       99%         4
 Flame Wave               Conj/Fire      0%         2d4       99%         4
 Hailstorm                Conj/Ice       0%         3d3       99%         4
 Iskenderun's Mystic Bla  Conj/Tloc      0%         2d3       99%         4
 Olgreb's Toxic Radiance  Pois           0%         N/A       99%         4
 Petrify                  Tmut/Erth      0%         N/A       99%         4
 Blade Hands              Tmut           0%         N/A       100%        5
 Fireball                 Conj/Fire      0%         3d3       100%        5
 Freezing Cloud           Conj/Ice/Air   0%         6-21      100%        5
 Lightning Bolt           Conj/Air       0%         1d11      100%        5
 Manifold Assault         Tloc           0%         N/A       100%        5
 Metabolic Englaciation   Hex/Ice        0%         N/A       100%        5
 Yara's Violent Unravell  Hex/Tmut       0%         3d3       100%        5
 Eringya's Noxious Bog    Tmut/Pois      0%         N/A       100%        6
 Starburst                Conj/Fire      0%         6d3       100%        6
 Statue Form              Tmut/Erth      0%         N/A       100%        6
 Ozocubu's Refrigeration  Ice            0%         4d5       100%        7
 Discord                  Hex            0%         N/A       100%        8
 Ignition                 Fire           0%         3d3       100%        8
 Chain Lightning          Conj/Air       0%         N/A       100%        9
 Blink                    Tloc           Unusable   N/A       N/A         2
 Swiftness                Air            Unusable   N/A       N/A         3
 Summon Ice Beast         Ice/Summ       Unusable   N/A       N/A         4
 Summon Lightning Spire   Summ/Air       Unusable   N/A       N/A         4

Dungeon Overview and Level Annotations

Branches:
Dungeon (15/15)            Temple (1/1) D:5            Lair (6/6) D:8
  Swamp (4/4) Lair:3       Spider (4/4) Lair:2        Slime (0/5) Lair:6
    Orc (2/2) D:11            Elf (3/3) Orc:2        Vaults (0/5) D:13
 Depths (0/4) D:15        Volcano (visited)         Desolation (visited)

Altars:
Ashenzari
Cheibriados
Dithmenos
Elyvilon
Fedhas
Gozag
Hepliaklqana
Kikubaaqudgha
Makhleb
Nemelex Xobeh
Okawaru
Qazlal
Ru
Sif Muna
Trog
Uskayaw
Vehumet
Wu Jian
Xom
Yredelemnul
Zin
The Shining One

Shops:
Orc:2 =*[(   Elf:3 =:

Annotations:
D:5 3 runed translucent doors, RancidPinata's ghost, amateur GrGl
Lair:6 exclusion: 5 oklob plants


Innate Abilities, Weirdness & Mutations

You cannot be hasted, slowed, berserked, paralysed or teleported.
You can dig through walls and to a lower floor.
You have a pair of large antennae on your head. (SInv)
Your four strong arms can wield two-handed weapons with a shield.
You are partially covered in iridescent scales. (AC +2)
Your mind is acute. (Int +2)
A frigid envelope surrounds you and freezes all who hurt you.


Message History

The deep elf blademaster is very cold.
The deep elf blademaster is heavily wounded.
You block the deep elf blademaster's attack.
You hear a shout!
Unknown command.
You dig through the rock wall.
The deep elf blademaster hits you with a +0 rapier.
* * * LOW HITPOINT WARNING * * *
The deep elf blademaster is very cold.
The deep elf blademaster is severely wounded.
You block the deep elf blademaster's attack.
Unknown command.
You dig through the rock wall.
You hear rumbling.
You hear a shout!
Unknown command.
You dig through the rock wall.
You block the deep elf blademaster's attack. x2
Unknown command.
You dig through the rock wall.
The deep elf blademaster hits you with a +0 rapier!
* * * LOW HITPOINT WARNING * * *
The deep elf blademaster barely misses you.
Unknown command.
You retract your mandibles.
You completely miss the deep elf blademaster.
The deep elf blademaster is heavily wounded.
The deep elf blademaster hits you with a +0 rapier!
* * * LOW HITPOINT WARNING * * *
The deep elf blademaster is very cold.
The deep elf blademaster is severely wounded.
You block the deep elf blademaster's attack.
You hear rumbling.
Unknown command.
You feel protected.
You block the deep elf blademaster's attack.
The deep elf blademaster hits you but does no damage.
The deep elf blademaster is very cold.
The deep elf blademaster is severely wounded.
The deep elf blademaster hits you with a +0 rapier!
You die...

.#'## ###### #....###
#..# ...# #......##+
#..## .<.########
#...^....# #...#
...'....... +........
####.## ...########
#.......###.#.... ...#
#.............∩.# ..##
#########.......###.#....
#.# ##{#{#{#e#......##
####.##
#.####{#{#{#.#.#@....#'#
#...#
...§{.#{{########..###.#
#..## ...{.{...# #### #.#
#..# ##{##.).## #.# #.###
#{[)##### #.# #.#+# #)..#
#.# #.##. #.{[# #.# #....
##§## #.# ####.


{{{{ { #.# ## You could see a deep elf blademaster.

Vanquished Creatures
  Arachne (Spider:2)
  Mlioglotl (Spider:4)
  2 deep elf blademasters
  The ghost of frimble the Grappler, an adept TrWr of Cheibriados (Spider:1)
  2 thorn hunters
  Gastronok (Lair:1)
  Frances (Swamp:1)
  A fire giant (D:15)
  A fenstrider witch (Swamp:4)
  5 ghost moths
  2 deep elf sorcerers (Elf:3)
  2 imperial myrmidons (Desolation)
  3 emperor scorpions
  An orc warlord (Orc:2)
  A ghoul (Swamp:1)
  2 deep elf elementalists (Elf:3)
  2 deep elf annihilators
  3 entropy weavers
  7 eleionomae
  3 deep elf demonologists
  A halazid warlock (Desolation)
  A minotaur (Lair:2)
  2 spark wasps (Spider:4)
  2 bunyips (Swamp:3)
  A deep elf death mage (Elf:3)
  2 crystal guardians (Desolation)
  10 ragged hierophants (Desolation)
  2 deep elf high priests
  The ghost of Zapai the Nimble, a journeyman DgAr (Lair:2)
  24 hydras
  A shambling mangrove (Swamp:1)
  10 servants of whispers (Desolation)
  Harold (Lair:1)
  4 boulder beetles
  13 peacekeepers
  6 ghost crabs
  An ogre mage (D:13)
  4 two-headed ogres
  11 alligators
  A death knight (D:15)
  22 dancing weapons
  5 centaur warriors (D:13)
  A hell knight (Volcano)
  Nergalle (D:10)
  4 orc high priests
  12 deep elf knights
  2 spriggans
  A skeletal warrior (D:13)
  A salamander mystic (Volcano)
  3 goliath frogs
  4 spriggan druids
  8 swamp dragons
  A lindwurm (Orc:2)
  7 bog bodies
  A wizard (D:15)
  5 orc knights
  7 deep elf archers
  3 ironbound convokers (Desolation)
  8 orc sorcerers
  23 deep elf zephyrmancers
  23 deep elf pyromancers
  8 ugly things
  14 orb spiders
  18 wolf spiders
  7 salamanders
  2 moths of wrath
  8 cyclopes
  A shining eye (shapeshifter) (D:13)
  7 elephants
  Maurice (D:11)
  4 will-o-the-wisps
  4 black mambas
  4 guardian serpents (Desolation)
  3 centaur zombies (D:11)
  5 torpor snails
  An unseen horror (D:11)
  28 cane toads
  4 rime drakes
  An efreet (D:14)
  4 centaur skeletons (D:13)
  6 komodo dragons
  13 demonic crawlers
  A freezing wraith (D:15)
  3 yaktaurs (D:13)
  41 jumping spiders
  4 trolls
  16 tyrant leeches
  A queen bee (Lair:2)
  9 hornets
  70 saltlings (Desolation)
  8 polar bears
  15 blink frogs
  7 slime creatures
  7 dream sheep (Lair:6)
  Sigmund (D:2)
  87 redbacks
  2 shadows
  10 air elementals
  29 tarantellas
  A vampire (D:10)
  4 wraiths
  6 wyverns
  57 yaks
  6 water elementals
  4 basilisks
  9 fire elementals (Elf:2)
  12 vampire mosquitoes
  3 wargs
  15 swamp worms
  11 water moccasins
  35 orc warriors
  10 swamp drakes
  2 black bears
  2 sky beasts
  6 necrophages
  7 ogres
  8 centaurs
  9 wolves
  7 kobold brigands
  4 phantoms
  3 scorpions
  18 bullfrogs
  7 gnoll sergeants
  7 earth elementals
  A wyvern skeleton (D:7)
  A water moccasin skeleton (D:4)
  25 killer bees (Lair:2)
  7 wights
  2 jellies
  7 howler monkeys
  12 electric eels
  A lava snake (Lair:6)
  2 bullfrog zombies
  3 hounds
  19 orc priests
  A bullfrog skeleton (D:6)
  A scorpion zombie (D:5)
  Terence (D:2)
  7 hell rats (Lair:3)
  Natasha (thrice) (D:2)
  2 iguanas
  31 orc wizards
  A killer bee zombie (D:6)
  A hound zombie (D:5)
  A howler monkey zombie (D:11)
  20 gnolls
  5 adders
  A howler monkey skeleton (D:3)
  A white imp (D:6)
  2 adder skeletons
  3 worms
  9 dart slugs
  69 orcs
  6 ball pythons
  4 bats
  3 endoplasms
  4 giant cockroaches
  4 hobgoblins
  3 jackals (D:4)
  6 quokkas
  3 frilled lizards
  6 goblins
  22 kobolds
  5 rats
  5 briar patches (Swamp:1)
1299 creatures vanquished.

Vanquished Creatures (others)
  An eleionoma (Swamp:3)
  A ragged hierophant (Desolation)
  An alligator (Swamp:4)
  A deep elf knight (Elf:3)
  A wolf spider (Spider:1)
  A deep elf pyromancer (Elf:2)
  A jumping spider (Spider:2)
  3 bloated husks
  A redback (Spider:2)
  2 tarantellas
  A necrophage (Swamp:1)
  2 orc wizards
  2 orcs (Orc:2)
  14 foxfires
  24 fungi
  73 plants
  27 withered plants
156 creatures vanquished.

Grand Total: 1455 creatures vanquished

Notes
Turn   | Place    | Note
-------+----------+-------------------------------------------
     0 | D:1      | ytrimaz the Formicid Fighter began the quest for the Orb.
     0 | D:1      | Reached XP level 1. HP: 18/18 MP: 1/1
   238 | D:1      | Found a faded altar of an unknown god.
   261 | D:1      | Reached XP level 2. HP: 24/24 MP: 2/2
   983 | D:2      | Noticed Natasha
   986 | D:2      | Reached XP level 3. HP: 26/29 MP: 3/3
   988 | D:2      | Killed Natasha
  1084 | D:2      | Noticed Terence
  1087 | D:2      | Killed Terence
  1088 | D:2      | Reached skill level 3 in Axes
  1088 | D:2      | Reached XP level 4. HP: 37/37 MP: 4/4
  1145 | D:2      | Noticed Natasha
  1150 | D:2      | Killed Natasha
  1151 | D:2      | Reached XP level 5. HP: 40/42 MP: 5/5
  1218 | D:2      | Found a shimmering altar of Xom.
  1230 | D:2      | Noticed Sigmund
  1239 | D:2      | Killed Sigmund
  1240 | D:2      | Reached skill level 4 in Axes
  1240 | D:2      | Reached XP level 6. HP: 48/48 MP: 6/6
  1252 | D:2      | Noticed Natasha
  1258 | D:2      | Killed Natasha
  1312 | D:2      | Reached skill level 5 in Armour
  2296 | D:3      | Noticed a necrophage
  2303 | D:3      | Killed a necrophage
  2304 | D:3      | Reached skill level 5 in Axes
  2304 | D:3      | Reached XP level 7. HP: 51/54 MP: 7/7
  3046 | D:4      | Gained mutation: You are partially covered in iridescent
                  | scales. (AC +2) [potion of mutation]
  3046 | D:4      | Gained mutation: A frigid envelope surrounds you and
                  | freezes all who hurt you. [potion of mutation]
  3046 | D:4      | Gained mutation: Your mind is acute. (Int +2) [potion of
                  | mutation]
  3718 | D:5      | Entered Level 5 of the Dungeon
  3928 | D:5      | Reached skill level 6 in Axes
  3928 | D:5      | Reached XP level 8. HP: 48/61 MP: 8/8
  4006 | D:5      | Reached skill level 5 in Shields
  4077 | D:5      | Found a staircase to the Ecumenical Temple.
  4097 | Temple   | Entered the Ecumenical Temple
  4556 | D:5      | Noticed a shadow
  4561 | D:5      | Reached skill level 5 in Fighting
  4568 | D:5      | Killed a shadow
  4569 | D:5      | Reached skill level 7 in Axes
  5092 | D:5      | Found a runed translucent gate.
  5092 | D:5      | Found a runed translucent gate.
  5092 | D:5      | Found a runed translucent gate.
  5093 | D:5      | Noticed RancidPinata's ghost (amateur GrGl)
  5508 | D:5      | Reached XP level 9. HP: 56/68 MP: 9/9
  5707 | D:5      | Reached skill level 8 in Axes
  5787 | D:6      | Identified a scroll of acquirement
  5787 | D:6      | Acquired a manual of Axes
  6241 | D:6      | Found a snail-covered altar of Cheibriados.
  6333 | D:6      | Found a shimmering altar of Xom.
  6342 | D:6      | Found an iron altar of Okawaru.
  6344 | D:6      | Found an ornate altar of the Wu Jian Council.
  6346 | D:6      | Found a glowing silver altar of Zin.
  6353 | D:6      | Became a worshipper of Warmaster Okawaru
  6489 | D:7      | Reached skill level 9 in Axes
  7168 | D:8      | Reached skill level 1 in Invocations
  7404 | D:7      | Reached skill level 10 in Axes
  7404 | D:7      | Reached XP level 10. HP: 62/77 MP: 11/11
  7496 | D:7      | Reached * piety under Okawaru
  7749 | D:8      | Found a staircase to the Lair.
  7749 | D:8      | Noticed an elephant
  7765 | D:8      | Killed an elephant
  7765 | D:8      | Reached ** piety under Okawaru
  7766 | D:8      | Reached skill level 11 in Axes
  7885 | D:8      | Found a sacrificial altar of Ru.
  8071 | D:8      | Noticed a cyclops
  8082 | D:8      | Killed a cyclops
  8082 | D:8      | Reached *** piety under Okawaru
  8083 | D:8      | Reached skill level 12 in Axes
  8352 | D:8      | Found a blossoming altar of Fedhas.
  8360 | D:8      | Reached XP level 11. HP: 86/86 MP: 14/14
  9003 | D:9      | Found a sparkling altar of Nemelex Xobeh.
  9074 | D:9      | Reached skill level 5 in Invocations
  9227 | D:9      | Reached **** piety under Okawaru
  9567 | D:10     | Entered Level 10 of the Dungeon
  9593 | D:10     | Noticed a two-headed ogre
  9600 | D:10     | Killed a two-headed ogre
  9601 | D:10     | Reached skill level 13 in Axes
  9601 | D:10     | Found a broken altar of Ashenzari.
  9698 | D:10     | Noticed Nergalle
  9710 | D:10     | Killed Nergalle
  9717 | D:10     | Found a glowing golden altar of the Shining One.
 10468 | D:11     | Noticed an eight-headed hydra
 10814 | D:11     | Noticed a cyclops
 10820 | D:11     | Killed a cyclops
 10820 | D:11     | Reached ***** piety under Okawaru
 10821 | D:11     | Reached skill level 14 in Axes
 10868 | D:11     | Found a staircase to the Orcish Mines.
 11216 | D:11     | Noticed a seven-headed hydra
 11313 | D:12     | Noticed a cyclops
 11324 | D:12     | Killed a cyclops
 11334 | D:12     | Noticed an eight-headed hydra
 11447 | D:11     | Reached XP level 12. HP: 71/97 MP: 16/16
 11580 | D:11     | Noticed a two-headed ogre
 11586 | D:11     | Killed a two-headed ogre
 11587 | D:11     | Reached skill level 15 in Axes
 11694 | D:11     | Noticed Maurice
 11714 | D:11     | Killed Maurice
 11714 | D:11     | Identified the +12 executioner's axe "Jellyslayer" {pain,
                  | Contam rF+ Dex+6} (Okawaru gifted it to you on level 11 of
                  | the Dungeon)
 11714 | D:11     | Received a gift from Okawaru
 11715 | D:11     | Reached skill level 10 in Fighting
 11980 | D:11     | You fall into a shaft and drop 3 floors!
 12034 | D:13     | Noticed a centaur warrior
 12041 | D:13     | Killed a centaur warrior
 12042 | D:13     | Reached skill level 1 in Necromancy
 12420 | D:13     | Noticed a centaur warrior
 12425 | D:13     | Noticed a boulder beetle
 12429 | D:13     | Killed a centaur warrior
 12434 | D:13     | Killed a boulder beetle
 12702 | D:13     | Reached skill level 16 in Axes
 12742 | D:13     | Noticed a centaur warrior
 12749 | D:13     | Killed a centaur warrior
 12755 | D:13     | Received a gift from Okawaru
 12777 | D:12     | Noticed a seven-headed hydra
 12779 | D:12     | Killed an eight-headed hydra
 12913 | D:12     | Killed an eight-headed hydra
 13342 | D:11     | Reached XP level 13. HP: 103/105 MP: 18/18
 13725 | D:13     | Reached skill level 10 in Shields
 13821 | D:13     | Noticed a centaur warrior
 13826 | D:13     | Killed a centaur warrior
 13827 | D:13     | Reached skill level 17 in Axes
 13832 | D:13     | Found a gate to the Vaults.
 13840 | D:13     | Noticed an ogre mage
 13848 | D:13     | Killed an ogre mage
 14217 | D:13     | Received a gift from Okawaru
 14338 | D:13     | Noticed a centaur warrior
 14346 | D:13     | Killed a centaur warrior
 15297 | D:15     | Entered Level 15 of the Dungeon
 15306 | D:15     | Reached skill level 18 in Axes
 15338 | D:15     | Found a staircase to the Depths.
 15339 | D:15     | Noticed a fire giant
 15795 | D:15     | Killed a fire giant
 16206 | D:15     | Reached XP level 14. HP: 96/115 MP: 20/20
 16207 | D:15     | Reached skill level 5 in Necromancy
 16476 | D:15     | Reached ****** piety under Okawaru
 16483 | D:15     | Received a gift from Okawaru
 17054 | Orc:1    | Entered Level 1 of the Orcish Mines
 17126 | Orc:1    | Reached skill level 19 in Axes
 17527 | Orc:2    | Entered Level 2 of the Orcish Mines
 17527 | Orc:2    | Found a staircase to the Elven Halls.
 17590 | Orc:2    | Found a dark tunnel.
 17599 | Volcano  | Entered a volcano
 17650 | Volcano  | Found a burning altar of Makhleb.
 17722 | Volcano  | Identified the +0 helmet "Jezeunei" {rN+++}
 18449 | Orc:2    | Reached skill level 10 in Invocations
 18483 | Orc:2    | Noticed an orc warlord
 18487 | Orc:2    | Received a gift from Okawaru
 18511 | Orc:2    | Killed an orc warlord
 18520 | Orc:2    | Reached XP level 15. HP: 54/124 MP: 22/22
 18838 | Orc:2    | Found Xaba's General Store.
 18839 | Orc:2    | Found Xompoc's Jewellery Boutique.
 18841 | Orc:2    | Found Cich's Antique Armour Boutique.
 18841 | Orc:2    | Found Figait's Antique Weapon Shop.
 18846 | Orc:2    | Bought a smelly plate armour for 924 gold pieces
 18846 | Orc:2    | Identified the +10 plate armour of Decompression {Will+}
                  | (You bought it in a shop on level 2 of the Orcish Mines)
 18876 | Orc:2    | Bought an amulet of regeneration for 360 gold pieces
 18877 | Orc:2    | Bought a +1 tower shield of fire resistance for 181 gold
                  | pieces
 18877 | Orc:2    | Bought a potion of mutation for 88 gold pieces
 18899 | Orc:2    | Reached XP level 16. HP: 131/131 MP: 23/23
 19071 | Lair:1   | Entered Level 1 of the Lair of Beasts
 19071 | Lair:1   | Noticed Harold
 19077 | Lair:1   | Killed Harold
 19154 | Lair:1   | Noticed Gastronok
 19162 | Lair:1   | Killed Gastronok
 19322 | Lair:1   | You fall into a shaft and drop 1 floor!
 19496 | Lair:2   | Found a hole to the Spider Nest.
 19622 | Lair:2   | Reached skill level 20 in Axes
 19649 | Lair:2   | Noticed Zapai's ghost (journeyman DgAr)
 19761 | Lair:2   | Found a runed translucent gate.
 19761 | Lair:2   | Found a runed translucent gate.
 19762 | Lair:2   | Found a runed translucent gate.
 20144 | Lair:2   | Killed Zapai's ghost
 20704 | Lair:3   | Identified the +0 pair of boots of the Lich-sworn {rElec
                  | rPois Dex-2} (Okawaru gifted it to you on level 3 of the
                  | Lair of Beasts)
 20704 | Lair:3   | Received a gift from Okawaru
 21225 | Lair:3   | Found a staircase to the Swamp.
 22001 | Lair:4   | Identified the +2 ring mail of the Wheelwright {rPois
                  | Str+2}
 22055 | Lair:4   | Found a runed translucent door.
 22506 | Lair:4   | Found the amulet of the Air {Inacc Air Fly rElec RMsl}
 23151 | Lair:5   | Found a snail-covered altar of Cheibriados.
 23368 | Lair:6   | Entered Level 6 of the Lair of Beasts
 23402 | Lair:6   | Reached XP level 17. HP: 136/140 MP: 25/25
 23483 | Lair:6   | Found a staircase to the Slime Pits.
 23543 | Lair:6   | Received a gift from Okawaru
 23692 | Lair:6   | Reached skill level 15 in Shields
 23921 | Lair:6   | Found the +8 demon trident "Rift" {distort, reach+}
 23936 | Lair:6   | Identified the +4 spear of Febles {vorpal, SInv}
 24253 | Lair:6   | Acquired the ring "Jeroci" {rCorr MP+9 Dex+5}
 24408 | Spider:1 | Entered Level 1 of the Spider Nest
 24600 | Spider:1 | Found a runed translucent door.
 24601 | Spider:1 | Found a shimmering altar of Xom.
 24601 | Spider:1 | Noticed frimble's ghost (adept TrWr)
 24739 | Spider:1 | Reached skill level 21 in Axes
 24741 | Spider:1 | Reached skill level 15 in Fighting
 25619 | Spider:1 | Killed frimble's ghost
 25620 | Spider:1 | Reached skill level 10 in Armour
 25689 | Spider:2 | Noticed Arachne
 25706 | Spider:2 | Killed Arachne
 26163 | Spider:3 | Reached XP level 18. HP: 147/151 MP: 27/27
 26390 | Spider:3 | Identified the +5 short sword "Tiapluj" {elec, *Corrode
                  | rElec rC++ Str+2} (Okawaru gifted it to you on level 3 of
                  | the Spider Nest)
 26390 | Spider:3 | Received a gift from Okawaru
 26620 | Spider:4 | Entered Level 4 of the Spider Nest
 26905 | Spider:4 | Identified the +5 hand axe of the Skies Above {freeze, rN+}
                  | (Okawaru gifted it to you on level 4 of the Spider Nest)
 26905 | Spider:4 | Received a gift from Okawaru
 27132 | Spider:4 | Reached skill level 22 in Axes
 27159 | Spider:4 | Got a gossamer rune of Zot
 27375 | Spider:4 | Noticed Mlioglotl
 27382 | Spider:4 | Killed Mlioglotl
 27640 | Spider:4 | Reached skill level 10 in Necromancy
 27907 | Swamp:1  | Entered Level 1 of the Swamp
 27970 | Swamp:1  | Noticed Frances
 27982 | Swamp:1  | Killed Frances
 28013 | Swamp:1  | Received a gift from Okawaru
 28014 | Swamp:1  | Reached XP level 19. HP: 94/161 MP: 28/28
 28672 | Swamp:1  | Identified the +2 pair of gloves of Too Many Cooks {Drain
                  | +Blink Str+8 Int-3}
 29367 | Swamp:3  | Found a shadowy altar of Dithmenos.
 29891 | Swamp:4  | Entered Level 4 of the Swamp
 30077 | Swamp:4  | Identified the +6 battleaxe of Overwhelming Force {freeze,
                  | Drain Dex+8} (Okawaru gifted it to you on level 4 of the
                  | Swamp)
 30077 | Swamp:4  | Received a gift from Okawaru
 30161 | Swamp:4  | Reached skill level 23 in Axes
 30265 | Swamp:4  | Got a decaying rune of Zot
 30385 | Swamp:4  | Identified the +4 spear "Ogreslayer" {drain, rCorr Str+2
                  | Dex+3}
 30692 | Elf:1    | Entered Level 1 of the Elven Halls
 30725 | Elf:1    | Found a crumbling gateway.
 30744 | Desolati | Entered the Desolation of Salt
 30751 | Desolati | Identified the +3 robe of Plog {-Cast rC+ Will+} (Okawaru
                  | gifted it to you in the Desolation of Salt)
 30751 | Desolati | Received a gift from Okawaru
 30844 | Desolati | Reached XP level 20. HP: 172/172 MP: 29/29
 30899 | Desolati | Got the Disquisition on Ignition and Intoxication
 30973 | Desolati | Identified the ring "Joafolet" {Wiz rPois rCorr Dex-4
                  | Slay+2}
 31106 | Desolati | Identified the +6 fire dragon scales of Malink {*Slow Fly
                  | rF++ rC- Will++ Dex+4}
 31150 | Desolati | Got the Almanac of Congealing Flight
 31186 | Desolati | Identified the ring of Qoepis {rPois Dex+6}
 31269 | Desolati | Got the Incunabulum of Poisonous Transmutation
 31352 | Desolati | Identified the +5 falchion of the Boar {vorpal, rC+ Str+2
                  | Dex+2}
 31574 | Desolati | Identified the ring of Suspected Treachery {+Blink Fly rF-
                  | rN+ Str+3}
 31580 | Desolati | Received a gift from Okawaru
 31901 | Elf:1    | Got the Tome of Battle Magic
 32130 | Elf:1    | Reached skill level 24 in Axes
 32141 | Elf:1    | Identified the +9 war axe of Pride {drain, Fly rElec Int-4
                  | Dex+5} (Okawaru gifted it to you on level 1 of the Elven
                  | Halls)
 32141 | Elf:1    | Received a gift from Okawaru
 32795 | Elf:2    | Reached XP level 21. HP: 181/182 MP: 30/30
 33187 | Elf:2    | Found a runed translucent gate.
 33190 | Elf:2    | Found a runed translucent gate.
 33190 | Elf:2    | Found a runed translucent gate.
 33292 | Elf:2    | Received a gift from Okawaru
 33627 | Elf:3    | Entered Level 3 of the Elven Halls
 33667 | Elf:3    | Found Oxzifeuh's Jewellery Shop.
 33676 | Elf:3    | Found Ryheirphi's Book Shop.
 34041 | Arena    | Entered the Arena
 34087 | Elf:3    | Noticed a Brimstone Fiend
 34115 | Elf:3    | HP: 6/186 [deep elf blademaster (8)]
 34116 | Elf:3    | Slain by a deep elf blademaster

Illustrated notes

Levels and vault maps discovered:
D:1:      erik_arrival_triangle_medium, layout_basic,
          dilly_ecumenical_altar_fadedgnrine, nrook_mini_vaults
D:2:      layout_basic, basic_altar, kennysheep_crisscross,
          kennysheep_cross_bottleneck, uniq_terence, uniq_sigmund, uniq_natasha
D:3:      kennysheep_slugbush, layout_basic
D:4:      layout_loops_ring, amcnicky_mini_rare_corridor_liquid
D:5:      minmay_razor_zed, layout_basic, minmay_temple_entry_waves,
          gammafunk_ghost_nasty_kobolds
D:6:      layout_cave_pools, kennysheep_slug_shrine, minitemple
D:7:      layout_loops_ring
D:8:      layout_gridville, old_standard_altar, mainiacjoe_overflow_paths,
          david_lair_generic, minmay_manual_mail
D:9:      layout_loops_corners, nemelex_spade_bored_becter, minivault_24
D:10:     layout_loops_ring, mainiacjoe_overflow_cross_hatched,
          mainiacjoe_overflow_small_starburst, chequers_serial_rivers_small_b,
          uniq_nergalle
D:11:     layout_irregular_city, kennysheep_orc_monster_closet_entryway,
          uniq_maurice
D:12:     layout_basic
D:13:     layout_basic, hangedman_vaults_entry_quadrant_bands
D:14:     layout_basic, nrook_campfire
D:15:     grunt_enter_depths_giant_problem, layout_irregular_city,
          chequers_mini_garden, nrook_uturn, serial_bayou_pond_d
Temple:   hc_temple_tempest_star
Lair:1:   layout_regular_city, uniq_harold, uniq_gastronok
Lair:2:   layout_roguey [special_room_bee], spider_nest_entry_webs,
          maelrawn_ghost_gauntlet_escape, serial_bayou_crossing
Lair:3:   statuecave_lemuel, layout_chaotic_city, minmay_swamp_entry_eels
Lair:4:   layout_cave_shapes, pf_torpor_hydra, grunt_megastairs_1,
          serial_bayou_shore_b
Lair:5:   layout_regular_city, serial_bayou_pond_a, serial_bayou_pond_c,
          kennysheep_snail_temple, infiniplex_staircase_pool_2,
          serial_bayou_shore_a
Lair:6:   minmay_lair_end_frog_pond, layout_gridlike,
          minmay_slime_entry_oklob_enclosed, cheibrodos_lair_lostbears
Swamp:1:  nicolae_swamp_wrong_neighborhood, layout_basic_swamp,
          nicolae_swamp_orc_logging_accident, swamp_pool5, st_shrine_of_shade,
          uniq_frances
Swamp:2:  layout_basic_swamp, evilmike_swamp_ruin_rubble_1, swamp_pool3,
          statue_in_the_mist_lemuel
Swamp:3:  layout_basic_swamp, nicolae_swamp_godswood, swamp_pool3
Swamp:4:  swamp, layout_basic_swamp, infiniplex_staircase_pool
Spider:1: layout_chambers, ebering_ghost_xom
Spider:2: layout_spider_delve, uniq_arachne
Spider:3: nicolae_spider_jumping_over_cracks [nicolae_spider_jumping_sub_plain,
          nicolae_spider_jumping_sub_lanes, nicolae_spider_jumping_sub_stairs,
          nicolae_spider_jumping_sub_pools]
Spider:4: spider_rune_water, uniq_mlioglotl
Orc:1:    layout_diamond_mine
Orc:2:    st_orc_congregation, layout_caves, nicolae_volcano_entry_vermiform
Elf:1:    layout_loops_cross, portal_desolation_entry_twin_temple,
          minmay_elf_annihilation, drop_trap
Elf:2:    elven_hall_of_blades_hangedman_original [nicolae_blade_lattice],
          layout_gridlike, nicolae_elf_loose_elemental_storage
Elf:3:    minmay_elf_hall_not_hex, layout_geoelf_diagonals, serial_shops,
          nicolae_shop_hallway_plus, st_stairs_9, serial_sigils_hangedman_carve,
          minmay_shop_star, uniq_roxanne

Skill      XL: |  1  2  3  4  5  6  7  8  9 10 11 12 13 14 15 16 17 18 19 20 21 |
---------------+----------------------------------------------------------------+-----
Shields        | 4 5 6 7 8 9 11 14 15 | 15.0
Axes           | 3 4 5 6 7 10 12 14 16 18 19 20 21 22 23 24 | 24.0
Armour         | 4 5 6 8 9 10 11 12 | 12.5
Fighting       | 4 5 6 8 9 10 12 13 14 15 17 18 19 21 | 21.1
Invocations    | 2 4 6 7 9 10 11 12 13 | 13.0
Necromancy     | 3 4 6 7 9 10 11 12 | 12.6

Action                   |  1- 3 |  4- 6 |  7- 9 | 10-12 | 13-15 | 16-18 | 19-21 || total
-------------------------+-------+-------+-------+-------+-------+-------+-------++-------
Melee: War axe           |    32 |       |       |       |       |       |       ||    32
       Battleaxe         |    37 |    78 |   234 |   278 |       |       |       ||   627
       Executioner's axe |       |       |       |    39 |   316 |   813 |   768 ||  1936
Throw: Boomerang         |       |       |       |     2 |    32 |       |     5 ||    39
       Javelin           |       |       |       |       |    13 |     1 |       ||    14
Invok: Heroism           |       |       |       |     7 |     8 |     4 |     5 ||    24
       Finesse           |       |       |       |     1 |     1 |       |     1 ||     3
       Duel              |       |       |       |       |       |       |     1 ||     1
 Abil: Dig               |     1 |       |       |     2 |       |       |     7 ||    10
  Use: Scroll            |     4 |     1 |     8 |     4 |     9 |     8 |     4 ||    38
       Potion            |       |     1 |     1 |     3 |     4 |     1 |     4 ||    14
Armor: Scale mail        |    37 |    31 |   126 |    97 |       |       |       ||   291
       Plate armour      |       |       |       |    46 |   116 |   481 |   338 ||   981
Dodge: Dodged            |    36 |    75 |   169 |   228 |    97 |   236 |   118 ||   959
Block: Buckler           |    17 |    24 |    57 |    97 |       |       |       ||   195
       Kite shield       |       |       |       |    40 |   187 |   202 |       ||   429
       Tower shield      |       |       |       |       |       |   657 |   716 ||  1373
       Reflection        |       |       |       |       |       |     5 |    44 ||    49

Table legend: (Time is in decaauts)
 A = Elapsed time spent in this place.
 B = Non-inter-level travel time spent in this place.
 C = Inter-level travel time spent in this place.
 D = Time resting spent in this place.
 E = Time spent auto-exploring this place.
 F = Levels seen in this place.
 G = Mean time per level.
                   A        B        C        D        E       F      G
               +--------+--------+--------+--------+--------+-----+--------+
         Total |  34279 |  32661 |   1618 |   3241 |  22018 |  38 |  902.1 |
       Dungeon |  17092 |  16208 |    884 |   2852 |  10534 |  15 | 1139.5 |
        Temple |    376 |    364 |     12 |      0 |    336 |   1 |  376.0 |
          Lair |   5514 |   5126 |    388 |    153 |   3907 |   6 |  919.0 |
         Swamp |   2752 |   2681 |     71 |      0 |   1907 |   4 |  688.0 |
   Spider Nest |   3386 |   3280 |    106 |      0 |   2481 |   4 |  846.5 |
  Orcish Mines |   1617 |   1545 |     72 |    143 |    901 |   2 |  808.5 |
   Elven Halls |   2289 |   2206 |     83 |      8 |   1473 |   3 |  763.0 |
       Volcano |    267 |    267 |      0 |     33 |    116 |   1 |  267.0 |
    Desolation |    945 |    945 |      0 |     26 |    362 |   1 |  945.0 |
         Arena |     37 |     37 |      0 |     26 |      0 |   1 |   37.0 |
               +--------+--------+--------+--------+--------+-----+--------+

Top non-repeatable levels by time:
     D:5: 1722 daAuts
    D:15: 1604 daAuts
    D:13: 1579 daAuts
    D:11: 1514 daAuts
Spider:1: 1241 daAuts
     D:7: 1172 daAuts
   Orc:2: 1171 daAuts
     D:9: 1170 daAuts
Spider:4: 1158 daAuts
     D:8: 1142 daAuts
     D:3: 1079 daAuts
     D:2: 1057 daAuts
  Lair:3: 1023 daAuts
   Elf:2: 1021 daAuts
     D:1: 993 daAuts
